 Dungeon Crawl Stone Soup version 0.28.0-53-g5a82cb258f (webtiles) character file.

Game seed: 12643005151377599018

519309 jjjjhere the Slayer (level 25, -12/167 (225) HPs)
             Began as a Merfolk Delver on July 30, 2022.
             Was the Champion of Ru.
             Killed from afar by an Ice Fiend (65 damage)
             ... with a bolt of cold
             ... summoned by a dread lich
             ... while paralysed by a dread lich
             ... on level 1 of the Realm of Zot on July 31, 2022.
             The game lasted 03:03:19 (104923 turns).

jjjjhere the Slayer (Merfolk Delver)              Turns: 104923, Time: 03:03:19

HP:   -12/167 (225) AC: 48    Str: 20    XL:     25   Next: 24%
MP:   35/35         EV:  2    Int:  8    God:    Ru [******]
Gold: 4791          SH:  0    Dex: 17    Spells: 30/41 levels left

rFire   + . .      SeeInvis .   v - +5 demon trident (elec)
rCold   . . .      Faith    .   H - +0 tower shield
rNeg    . . .      Spirit   .   L - +8 orange crystal plate armour {Archmagi, Int+3 Clar}
rPois   +          Reflect  +   (helmet restricted)
rElec   +          Harm     .   Y - scarf {rC+ rF+}
rCorr   .          Rampage  .   W - +2 pair of gloves of Osus {Slay+3}
Will    .....      Archmagi +   j - +2 pair of boots "Vioh Rae" {rElec Stlth+}
Stlth   .......... Clarity  +   N - amulet of reflection
HPRegen 0.37/turn               o - ring of the Tortoise {AC+8}
MPRegen 0.24/turn               V - ring "Leramac" {Fly rElec rPois rF+ Int-5}

@: paralysed, flying, studying Poison Magic, very heavily drained
A: hated by all, no hexes magic, no ice magic, no necromancy magic, weak-willed
1, temperature sensitive, (nimble swimmer 2), mertail, antennae 1, dopey 1,
MP-powered wands
}: 3/15 runes: decaying, serpentine, silver
a: Renounce Religion, Draw Out Power, Power Leap, Apocalypse


You were on level 1 of the Realm of Zot.
You worshipped Ru.
Ru was exalted by your worship.
You visited 10 branches of the dungeon, and saw 45 of its levels.
You visited the Abyss 6 times.
You also visited: Bailey.

You collected 6723 gold pieces.
You spent 1932 gold pieces at shops.

Inventory:

Hand Weapons
 v - a +5 demon trident of electrocution (weapon)
 S - a +4 vampiric demon trident
Missiles
 y - 37 boomerangs (quivered)
 E - 14 curare-tipped darts
 T - 2 throwing nets
Armour
 j - the +2 pair of boots "Vioh Rae" (worn) {rElec Stlth+}
   (You found it on level 1 of the Lair of Beasts)

   rElec:     It insulates you from electricity.
   Stlth:     It makes you more stealthy.
 G - a +0 helmet
 H - a +0 tower shield (worn)
 L - the +8 orange crystal plate armour (worn) {Archmagi, Int+3 Clar}
   (You acquired it on level 1 of the Lair of Beasts)

   Int:       It affects your intelligence (+3).
   Clar:      It protects you against confusion.
 W - the +2 pair of gloves of Osus (worn) {Slay+3}
   (You found it on level 2 of the Elven Halls)

   Slay:      It affects your accuracy & damage with ranged weapons and melee
   (+3).
 Y - a scarf of resistance (worn)
Jewellery
 f - the ring "Vownyicy" {rC+ rN+ MP+9 Int+4 SInv}
   (You took it off an ironbound convoker on level 5 of the Vaults)

   [ring of positive energy]

   Int:       It affects your intelligence (+4).
   rC:        It protects you from cold.
   rN:        It protects you from negative energy.
   MP:        It affects your magic capacity (+9).
   SInv:      It lets you see invisible.
 o - the ring of the Tortoise (left hand) {AC+8}
   (You found it on level 2 of the Dungeon)

   [ring of protection]

   AC:        It affects your AC (+8).
 q - the ring "Tonyirith" {rPois rF++ rC+ Dex+3}
   (You found it on level 4 of the Vaults)

   [ring of poison resistance]

   Dex:       It affects your dexterity (+3).
   rF:        It greatly protects you from fire.
   rC:        It protects you from cold.
   rPois:     It protects you from poison.
 x - a ring of positive energy
 M - a ring of the Octopus King {rC+ AC+1 EV+1 Str+1 Int+1 Dex+1}
   (You found it on level 3 of the Depths)

   [ring of protection from cold]

   AC:        It affects your AC (+1).
   EV:        It affects your evasion (+1).
   Str:       It affects your strength (+1).
   Int:       It affects your intelligence (+1).
   Dex:       It affects your dexterity (+1).
   rC:        It protects you from cold.
 N - an amulet of reflection (around neck)
 U - the ring "Hasysh" {rC+ Slay+4}
   (You found it on level 3 of the Depths)

   [ring of slaying]

   Slay:      It affects your accuracy & damage with ranged weapons and melee
   (+4).
   rC:        It protects you from cold.
 V - the ring "Leramac" (right hand) {Fly rElec rPois rF+ Int-5}
   (You bought it in a shop on level 2 of the Orcish Mines)

   [ring of protection from fire]

   Int:       It affects your intelligence (-5).
   rF:        It protects you from fire.
   rElec:     It insulates you from electricity.
   rPois:     It protects you from poison.
   Fly:       It grants you flight.
 X - the ring of the Fool {rC+ AC+4 Dex+3}
   (You found it on level 4 of the Vaults)

   [ring of protection]

   AC:        It affects your AC (+4).
   Dex:       It affects your dexterity (+3).
   rC:        It protects you from cold.
Wands
 a - a wand of iceblast (64)
 g - a wand of digging (19)
 h - a wand of paralysis (47)
 k - a wand of mindburst (9)
 C - a wand of acid (31)
 F - a wand of flame (51)
Scrolls
 c - 5 scrolls of fog
 d - 9 scrolls of magic mapping
 e - 11 scrolls of fear
 n - 14 scrolls of enchant armour
 p - 13 scrolls of blinking
 w - 13 scrolls of teleportation
 Q - 4 scrolls of holy word
Potions
 b - 11 potions of curing
 l - 6 potions of brilliance
 r - 2 potions of invisibility
 t - a potion of mutation
 u - 2 potions of magic
 z - 13 potions of heal wounds
 A - 7 potions of might
 D - 5 potions of lignification
 I - 3 potions of haste
 J - 2 potions of resistance
 K - 5 potions of berserk rage
 O - 2 potions of ambrosia
 P - 2 potions of cancellation
 R - 7 potions of attraction
 Z - 4 potions of flight
Miscellaneous
 i - a tin of tremorstones (2/2)
 m - a phial of floods
 s - a lightning rod (4/4)
 B - a condenser vane


   Skills:
 - Level 24.4 Fighting
 - Level 1.7(5.9) Maces & Flails
 - Level 14.0(16.7) Polearms
 - Level 9.1(10.6) Staves
 - Level 8.1 Throwing
 - Level 16.6 Armour
 - Level 12.0 Dodging
 - Level 5.4 Stealth
 - Level 21.1 Shields
 - Level 8.8 Spellcasting
 * Level 13.6 Translocations
 - Level 8.0 Evocations


You had 30 spell levels left.
You knew the following spells:

 Your Spells              Type           Power      Damage    Failure   Level
a - Manifold Assault      Tloc           38%        N/A       82%         5
b - Apportation           Tloc           76%        N/A       5%          1
c - Blink                 Tloc           76%        N/A       8%          2
d - Lesser Beckoning      Tloc           38%        N/A       16%         3

Your spell library contained the following spells:

 Spells                   Type           Power      Damage    Failure   Level
 Foxfire                  Conj/Fire      20%        2x1d5     100%        1
 Magic Dart               Conj           20%        1d4       100%        1
 Poisonous Vapours        Pois/Air       10%        N/A       100%        2
 Scorch                   Fire           10%        2d5       100%        2
 Searing Ray              Conj           10%        2d4       100%        2
 Static Discharge         Conj/Air       5%         N/A       100%        2
 Conjure Flame            Conj/Fire      5%         6-21      100%        3
 Spider Form              Tmut/Pois      5%         N/A       100%        3
 Airstrike                Air            2%         N/A       100%        4
 Flame Wave               Conj/Fire      5%         2d5       100%        4
 Iskenderun's Mystic Bla  Conj/Tloc      21%        2d6       100%        4
 Sticky Flame             Conj/Fire      5%         2d3       100%        4
 Alistair's Intoxication  Tmut/Pois      3%         N/A       100%        5
 Blade Hands              Tmut           2%         N/A       100%        5
 Fireball                 Conj/Fire      2%         3d4       100%        5
 Irradiate                Conj/Tmut      2%         3d14      100%        5
 Iskenderun's Battlesphe  Conj           5%         2d6       100%        5
 Lee's Rapid Deconstruct  Erth           2%         3d6*      100%        5
 Lightning Bolt           Conj/Air       2%         1d14      100%        5
 Dispersal                Tloc           19%        N/A       100%        6
 Iron Shot                Conj/Erth      2%         9d2       100%        6
 Starburst                Conj/Fire      2%         6d3       100%        6
 Dragon Form              Tmut           2%         N/A       100%        7
 Storm Form               Tmut/Air       2%         N/A       100%        7
 Disjunction              Tloc           19%        N/A       100%        8
 Ignition                 Fire           2%         3d3       100%        8
 Maxwell's Capacitive Co  Air            2%         ∞         100%        8
 Animate Skeleton         Necr           Unusable   N/A       N/A         1
 Summon Small Mammal      Summ           Unusable   N/A       N/A         1
 Corpse Rot               Necr/Air       Unusable   N/A       N/A         2
 Ensorcelled Hibernation  Hex/Ice        Unusable   N/A       N/A         2
 Dazzling Flash           Conj/Hex       Unusable   N/A       N/A         3
 Inner Flame              Hex/Fire       Unusable   N/A       N/A         3
 Anguish                  Hex/Necr       Unusable   N/A       N/A         4
 Dispel Undead            Necr           Unusable   3d7       N/A         4
 Fulminant Prism          Conj/Hex       Unusable   3d6       N/A         4
 Summon Lightning Spire   Summ/Air       Unusable   N/A       N/A         4
 Summon Cactus Giant      Summ           Unusable   N/A       N/A         6
 Malign Gateway           Summ/Tloc      Unusable   N/A       N/A         7
 Spellforged Servitor     Conj/Summ      Unusable   N/A       N/A         7

Dungeon Overview and Level Annotations

Branches:
Dungeon (15/15)            Temple (1/1) D:6            Lair (6/6) D:9
  Swamp (4/4) Lair:3        Snake (4/4) Lair:2        Slime (0/5) Lair:6
    Orc (2/2) D:9             Elf (3/3) Orc:2        Vaults (5/5) D:14
  Crypt (0/3) Vaults:3     Depths (4/4) D:15            Zot (1/5) Depths:4
 Bailey (visited)

Altars:
Ashenzari
Cheibriados
Dithmenos
Elyvilon
Fedhas
Hepliaklqana
Kikubaaqudgha
Makhleb
Nemelex Xobeh
Okawaru
Qazlal
Ru
Sif Muna
Trog
Uskayaw
Wu Jian
Xom
Yredelemnul
Zin
The Shining One
Beogh
Jiyva
Lugonu

Shops:
D:10 (   D:11 :(?   Orc:2 =*[[   Elf:1 [   Elf:2 ?   Vaults:2 *:(:

Portals:
Hell: Depths:1 Depths:2 Depths:3 Depths:4
Abyss: Depths:2 Depths:3 Depths:4
Pandemonium: Depths:1 Depths:2
Ziggurat: Depths:2
Trove: D:13 (give +8 demon whip)

Annotations:
D:3 1 runed translucent door, Crazy Yiuf; Grinder
D:4 Pikel
D:12 2 transporters, cbfl8's ghost, journeyman MiBe
D:15 Roxanne
Lair:6 exclusion: obsidian statue
Snake:1 3 runed translucent doors, adizb's ghost, adept DDBe
Orc:1 3 runed translucent doors, Stomo's ghost, journeyman DsFi
Depths:2 7 runed translucent doors, Caat Rau's ghost, adept DgCj
Depths:3 2 transporters


Innate Abilities, Weirdness & Mutations

You are hated by all.
You cannot study or cast Hexes magic.
You cannot study or cast Ice magic.
You cannot study or cast Necromancy magic.
You are slightly weak-willed. (Will-)
You are sensitive to extremes of temperature. (rF-, rC-)
((You are very nimble when in or above water. (Stealth+, EV+, Speed+++)))
Your lower body shifts to a powerful aquatic tail in water.
You have a pair of small antennae on your head.
You are dopey. (Int -2)
You expend magic power (3 MP) to strengthen your wands.


Message History

The purple draconian shifter blinks!
The dread lich touches you!
The white draconian stormcaller begins to pray, but is stunned by your conviction!
The purple draconian hits you but does no damage.
The purple draconian shifter gestures wildly while chanting.
The purple draconian shifter blinks!
The dread lich mumbles some strange words.
The Tzitzimitl begins to attack, but is stunned by your conviction!
The white draconian stormcaller invokes the aid of Qazlal against you.
Qazlal smites you!
You redirect the dread lich's attack!
The dread lich touches you but does no damage.
You redirect the death drake's attack!
The death drake breathes miasma at the yellow draconian.
The foul vapour engulfs the yellow draconian.
The yellow draconian is poisoned.
The yellow draconian seems to slow down.
The yellow draconian is engulfed in dark miasma.
The yellow draconian looks even sicker.
You redirect the purple draconian's attack!
The purple draconian hits you but does no damage.
The yellow draconian is engulfed in dark miasma.
The yellow draconian is poisoned.
The purple draconian shifter mumbles some strange words.
The purple draconian shifter blinks!
The white draconian is engulfed in dark miasma.
The white draconian is poisoned.
The Tzitzimitl gestures at you.
The bolt of negative energy hits the dread lich.
The dread lich completely resists.
The bolt of negative energy hits you!!!
You feel drained.
The dread lich touches you but does no damage.
The white draconian stormcaller is engulfed in dark miasma.
The white draconian stormcaller is poisoned.
The white draconian stormcaller seems to slow down.
You redirect the Ice Fiend's attack!
The Ice Fiend gestures at the yellow draconian.
The bolt of cold hits the dread lich.
The dread lich resists.
The bolt of cold hits you!!!
You die...

#..# #..##......##
#§.## #..........#
##...# ##........##
#.#§.####...##....#
###.........##...##
##.1.....####..#***
**** #11.....#
##...,, *..*
#L#####.# *..##*
*#.**#@## #.# *..#
*..*##d# #.#* **,**
*#.**#d#
#..***,,,**
#..*#d##
*..**,,,,,**
*#.##dq#
**,,,,,,,,,*
#..#k○##
*,,,,,,,,,*
*#..○○○#
*,,,,,,,,,,
#..○..#**,,,,,,,*,,
#......#*,,,,,,,*,,


You could see a dread lich (fast), a Tzitzimitl (summoned), a Brimstone Fiend
(summoned), an Ice Fiend (summoned), 2 draconians, a purple draconian, a white
draconian (poisoned), a white draconian stormcaller (poisoned, slow) and a death
drake (summoned, catching breath).

Vanquished Creatures
  2 dread liches (Vaults:4)
  An ancient lich (Zot:1)
  Mara (Vaults:4)
  Boris (twice) (Vaults:2)
  Saint Roka (Elf:3)
  Bai Suzhen (Snake:3)
  A caustic shrike (Depths:3)
  Jory (Vaults:4)
  3 golden dragons
  A bone dragon (Depths:4)
  3 tentacled monstrosities
  A walking crystal tome (Depths:3)
  4 liches (Vaults:4)
  2 deep elf blademasters (Elf:3)
  3 quicksilver dragons
  8 titans
  3 deep elf master archers
  2 sphinxes
  Frances (Elf:1)
  2 death cobs (Zot:1)
  10 shadow dragons
  5 tentacled starspawn
  A daeva (Abyss:3)
  A thorn hunter (Swamp:3)
  6 storm dragons
  8 tengu reavers
  2 draconian knights (Zot:1)
  5 nagarajas
  2 fenstrider witches (Swamp:3)
  2 iron dragons
  An orc warlord (Vaults:2)
  5 frost giants
  8 fire giants
  23 vault wardens
  2 draconian shifters (Zot:1)
  3 deep elf sorcerers
  Aizul (Vaults:4)
  Louise (Swamp:1)
  A caustic shrike zombie (D:15)
  A balrug (Depths:2)
  20 ironbound preservers
  4 draconian scorchers
  2 draconian stormcallers
  4 spriggan defenders (Depths:3)
  4 draconian annihilators
  4 war gargoyles
  9 deep elf elementalists
  24 very ugly things
  13 stone giants
  4 ironbound thunderhulks
  6 deep elf annihilators
  6 vampire knights
  A minotaur (Orc:2)
  2 spark wasps (Depths:3)
  5 deep elf demonologists (Elf:3)
  5 purple draconians (Zot:1)
  3 entropy weavers
  13 eleionomae
  A green draconian (Zot:1)
  3 black draconians
  4 red draconians
  2 bunyips
  A white draconian (Depths:4)
  8 dire elephants
  3 yellow draconians (Zot:1)
  The ghost of Soldner the Unseen, a journeyman KoBr of Dithmenos (Orc:2)
  A blizzard demon (Abyss:3)
  15 ettins
  7 deep elf death magi
  8 fire dragons
  A merfolk impaler (Depths:2)
  A merfolk javelineer (Abyss:3)
  2 shambling mangroves (Swamp:3)
  2 crystal guardians (Vaults:1)
  A jiangshi (Vaults:3)
  11 yaktaur captains
  8 ice dragons
  A fenstrider witch zombie (Abyss:3)
  42 vault guards
  4 deep elf high priests
  A spriggan zombie (D:15)
  8 great orbs of eyes
  A salamander tyrant (Snake:4)
  5 boulder beetles
  3 rakshasas (Depths:3)
  16 naga warriors
  23 hydras
  2 ogre magi (Vaults:5)
  A spriggan skeleton (Abyss:3)
  3 death knights
  5 spriggan air magi
  An anaconda (shapeshifter) (Vaults:5)
  5 ironbound frosthearts
  15 centaur warriors
  A ghost crab (Swamp:3)
  A peacekeeper (Vaults:1)
  6 alligators
  A radroach (shapeshifter) (Vaults:5)
  5 anacondas
  23 dancing weapons
  7 two-headed ogres
  14 deep troll earth magi
  12 deep troll shamans
  26 slime creatures
  6 death yaks
  6 orc high priests
  10 spriggan berserkers
  3 thrashing horrors (Abyss:3)
  4 tengu warriors
  18 deep elf knights
  6 shock serpents
  20 naga sharpshooters
  2 wretched stars (Abyss:3)
  3 soul eaters
  9 hell knights
  7 iron trolls
  3 salamander mystics (Depths:4)
  55 deep trolls
  2 sixfirhies (Abyss:3)
  A spatial maelstrom (Abyss:2)
  A shadow wraith (Abyss:3)
  9 skeletal warriors
  5 sea snakes
  A spectral anaconda (Lair:6)
  4 spriggan druids
  3 flayed ghosts
  8 wizards
  6 goliath frogs
  7 swamp dragons
  8 phantasmal warriors
  4 lindwurms
  2 spriggan simulacra (D:15)
  4 naga ritualists
  A lindwurm (shapeshifter) (Vaults:5)
  An orb spider (Abyss:3)
  3 glowing orange brains
  An orange crystal statue (Depths:1)
  19 ironbound convokers
  A tengu zombie (Depths:2)
  14 deep elf archers
  5 harpies (Vaults:2)
  20 deep elf pyromancers
  15 deep elf zephyrmancers
  17 orc knights
  A harpy (shapeshifter) (Vaults:4)
  An iron dragon zombie (D:15)
  9 necromancers
  44 ugly things
  4 orc sorcerers
  4 mana vipers
  A frost giant zombie (Depths:2)
  3 manticores
  3 will-o-the-wisps
  A wolf spider (D:14)
  18 salamanders
  6 cyclopes
  17 elephants
  A sphinx skeleton (D:15)
  2 moths of wrath (Zot:1)
  33 black mambas
  Maurice (D:11)
  A water nymph (shapeshifter) (Depths:3)
  A titan simulacrum (Depths:2)
  An eye of devastation (shapeshifter) (D:14)
  An orange demon (Depths:2)
  A guardian serpent (shapeshifter) (Abyss:3)
  30 vault sentinels
  9 guardian serpents
  2 gargoyles
  2 apocalypse crabs
  11 naga magi
  Maggie (D:9)
  4 smoke demons
  4 rime drakes
  3 kobold demonologists
  18 cane toads
  An unseen horror (D:11)
  A hellion (Abyss:2)
  An efreet (D:14)
  7 freezing wraiths
  13 komodo dragons
  4 ancient zymes (Abyss:3)
  A tengu conjurer (Depths:3)
  37 yaktaurs
  A guardian mummy (Zot:1)
  5 hellwings
  An entropy weaver simulacrum (D:15)
  6 meliai
  8 trolls
  A tengu simulacrum (Depths:2)
  13 hornets
  9 tyrant leeches
  4 dream sheep (Lair:5)
  A meliai zombie (D:11)
  13 raiju
  23 blink frogs
  10 large abominations
  An air elemental (Elf:3)
  A centaur simulacrum (D:14)
  10 spriggans
  A ynoxinul (Swamp:1)
  2 starcursed masses (Abyss:3)
  9 wyverns
  15 water elementals
  4 wraiths
  51 yaks
  2 fire bats (Depths:4)
  Sigmund (D:3)
  2 steam dragons
  2 neqoxecs
  A fire bat (shapeshifter) (Vaults:5)
  Grum (D:10)
  2 chaos spawn (Depths:2)
  2 fire elementals
  8 basilisks
  7 vampire mosquitoes
  Menkaure (D:7)
  A minotaur simulacrum (D:15)
  Edmund (D:5)
  A death yak simulacrum (Lair:6)
  7 wargs
  18 swamp worms
  A harpy simulacrum (Abyss:3)
  40 nagas
  3 acid dragons
  15 water moccasins
  2 floating eyes (Depths:3)
  A hell hound (Lair:4)
  A hornet zombie (D:7)
  45 orc warriors
  4 swamp drakes
  An elephant zombie (Lair:6)
  A black bear (D:5)
  2 necrophages
  A sky beast (D:5)
  An ice beast (D:6)
  8 small abominations (Abyss:3)
  12 ogres
  4 boggarts (Vaults:3)
  19 centaurs
  20 wolves
  An alligator simulacrum (D:15)
  5 phantoms
  10 kobold brigands
  2 lemures (D:3)
  5 bullfrogs
  3 scorpions
  2 deep troll simulacra (D:15)
  2 water moccasin skeletons
  7 killer bees
  14 wights
  2 electric eels (D:9)
  A crimson imp (D:7)
  6 howler monkeys
  5 centaur zombies
  4 quasits
  18 orc priests
  2 jellies
  A gnoll shaman (D:6)
  An iron imp (Abyss:3)
  2 bullfrog skeletons
  2 iguanas (D:6)
  33 orc wizards
  9 hell rats
  A killer bee zombie (D:9)
  A hound skeleton (D:4)
  A mummy (D:11)
  3 howler monkey zombies
  8 gnolls
  3 howler monkey skeletons
  2 adders
  13 river rats
  A shadow imp (D:6)
  4 white imps
  An adder skeleton (D:4)
  A worm (D:5)
  2 dart slugs
  101 orcs
  8 ball pythons
  4 endoplasms
  3 giant cockroaches
  10 goblins
  6 hobgoblins
  22 kobolds
  6 quokkas
  3 training dummies (Elf:2)
  4 bats
  3 frilled lizards
  7 rats
  7 briar patches (Lair:1)
  A lurking horror (Abyss:3)
  4 starspawn tentacles
1983 creatures vanquished.

Vanquished Creatures (others)
  Vashnia (Snake:3)
  A quicksilver dragon (Vaults:4)
  A titan (Vaults:3)
  A tentacled starspawn (Abyss:3)
  A tengu reaver (Vaults:4)
  A nagaraja (Snake:4)
  A deep elf sorcerer (Elf:3)
  2 vault wardens (Vaults:4)
  An orc warlord (Depths:3)
  A deep elf elementalist (Elf:3)
  2 ironbound preservers
  A vampire knight (Vaults:3)
  An entropy weaver (Abyss:3)
  A deep elf death mage (Vaults:2)
  2 ettins
  A shambling mangrove (Swamp:3)
  2 yaktaur captains
  5 hydras
  A boulder beetle (Lair:6)
  A peacekeeper (Vaults:1)
  2 dancing weapons
  2 deep troll shamans
  A centaur warrior (D:13)
  An alligator (Swamp:3)
  A spriggan berserker (Depths:3)
  3 naga sharpshooters
  An iron troll (Depths:1)
  A sea snake (Snake:4)
  3 deep trolls
  A goliath frog (Swamp:1)
  3 skeletal warriors
  4 swamp dragons
  A deep elf archer (Elf:3)
  5 deep elf pyromancers
  3 wizards
  A naga ritualist (Snake:1)
  An ironbound convoker (Vaults:3)
  3 ugly things
  2 deep elf zephyrmancers (Elf:3)
  2 orc knights
  2 black mambas (Snake:3)
  A naga mage (Snake:4)
  2 elephants
  A cane toad (Lair:5)
  An ancient zyme (Abyss:3)
  3 bloated husks
  A hornet (D:10)
  A blink frog (Lair:2)
  3 meliai
  3 yaks
  A wyvern (Lair:4)
  A large abomination (Abyss:3)
  A vampire mosquito (D:12)
  A harpy simulacrum (Abyss:2)
  2 water moccasins
  A spatial vortex (Abyss:2)
  4 orc warriors
  A swamp drake (Swamp:4)
  A centaur (D:12)
  A small abomination (Abyss:3)
  A bullfrog (Lair:4)
  A deep troll simulacrum (D:15)
  A killer bee (D:8)
  A wight (Abyss:3)
  2 orc priests
  3 orc wizards
  A hell rat (Lair:4)
  9 orcs
  A rat (Lair:5)
  23 foxfires
  30 fungi
  77 plants
  37 starspawn tentacles
  32 withered plants
320 creatures vanquished.

Grand Total: 2303 creatures vanquished

Notes
Turn   | Place    | Note
-------+----------+-------------------------------------------
     0 | D:5      | jjjjhere the Merfolk Delver began the quest for the Orb.
     0 | D:5      | Reached XP level 1. HP: 18/18 MP: 1/1
    38 | D:5      | Noticed a phantom
    47 | D:5      | You fall into a shaft and drop 1 floor!
    47 | D:6      | Found a staircase to the Ecumenical Temple.
    52 | Temple   | Entered the Ecumenical Temple
   108 | Temple   | Became a worshipper of Ru the Awakened
   157 | D:6      | Noticed a phantom
   200 | D:5      | Noticed a black bear
   217 | D:4      | Found a hide-covered altar of Uskayaw.
   317 | D:2      | Found a faded altar of an unknown god.
   319 | D:2      | Noticed a howler monkey
   322 | D:2      | Killed a howler monkey
   323 | D:2      | Reached skill level 5 in Polearms
   323 | D:2      | Reached XP level 2. HP: 24/24 MP: 2/2
   323 | D:2      | Reached XP level 3. HP: 29/29 MP: 3/3
   333 | D:2      | Found the ring of the Tortoise {AC+8}
   397 | D:2      | Found a snail-covered altar of Cheibriados.
   651 | D:1      | Reached XP level 4. HP: 33/35 MP: 4/4
   749 | D:1      | Gained mutation: You are sensitive to extremes of
                  | temperature. (rF-, rC-) [Ru sacrifice]
   749 | D:1      | Reached * piety under Ru
   749 | D:1      | Reached ** piety under Ru
  1617 | D:3      | Found the +6 shillelagh "Devastator" {shatter}
  1757 | D:3      | Found a shimmering blue altar of Sif Muna.
  1758 | D:3      | Found a stormy altar of Qazlal.
  1784 | D:3      | Noticed Sigmund
  1797 | D:3      | Killed Sigmund
  1798 | D:3      | Reached XP level 5. HP: 35/41 MP: 5/5
  1798 | D:3      | Reached XP level 6. HP: 41/47 MP: 6/6
  1955 | D:3      | Noticed Grinder
  2318 | D:3      | Found a runed translucent door.
  2319 | D:3      | Noticed Crazy Yiuf
  2718 | D:4      | Noticed Pikel
  2860 | D:4      | Found a shadowy altar of Dithmenos.
  3059 | D:4      | Gained mutation: You are hated by all. [Ru sacrifice]
  3059 | D:4      | Reached *** piety under Ru
  3059 | D:4      | Reached **** piety under Ru
  3071 | D:4      | Found a glowing golden altar of the Shining One.
  3128 | D:4      | Reached skill level 10 in Polearms
  3128 | D:4      | Reached XP level 7. HP: 46/52 MP: 7/7
  3572 | D:5      | Noticed a wraith
  3628 | D:5      | Killed a wraith
  3788 | D:5      | Noticed Edmund
  3812 | D:5      | Reached XP level 8. HP: 38/58 MP: 8/8
  3858 | D:5      | Killed Edmund
  4067 | D:5      | Noticed a wraith
  4100 | D:5      | Killed a wraith
  4175 | D:5      | Reached skill level 1 in Armour
  4245 | D:5      | Reached skill level 4 in Fighting
  4663 | D:6      | Reached XP level 9. HP: 60/66 MP: 9/9
  4958 | D:6      | Reached skill level 5 in Fighting
  5276 | D:6      | Reached skill level 6 in Fighting
  5815 | D:6      | Found an ancient bone altar of Kikubaaqudgha.
  5988 | D:7      | Noticed Menkaure
  5996 | D:7      | Killed Menkaure
  5997 | D:7      | Reached skill level 7 in Fighting
  6357 | D:7      | Reached XP level 10. HP: 79/80 MP: 10/10
  6513 | D:7      | Reached skill level 8 in Fighting
  6622 | D:7      | Reached skill level 5 in Armour
  6668 | D:7      | Found a shimmering altar of Xom.
  6668 | D:7      | Found a burning altar of Makhleb.
  6753 | D:7      | Found an ornate altar of the Wu Jian Council.
  6868 | D:8      | Found a flagged portal.
  6871 | D:8      | Gained mutation: You cannot study or cast Ice magic. [Ru
                  | sacrifice]
  6871 | D:8      | Gained mutation: You cannot study or cast Hexes magic. [Ru
                  | sacrifice]
  6871 | D:8      | Gained mutation: You cannot study or cast Necromancy magic.
                  | [Ru sacrifice]
  6871 | D:8      | Reached ***** piety under Ru
  6872 | D:8      | Noticed a two-headed ogre
  6899 | D:8      | Killed a two-headed ogre
  6952 | Bailey   | Entered a bailey
  7348 | Bailey   | Reached skill level 9 in Fighting
  7575 | Bailey   | Found an iron altar of Okawaru.
  8008 | D:8      | Learned a level 5 spell: Manifold Assault
  8322 | D:8      | Identified the +5 rapier "Jeilere" {pain, Will+ MP+9 Str-4
                  | Dex+2}
  8667 | D:9      | Noticed a kobold demonologist
  8668 | D:9      | Noticed a kobold demonologist
  8675 | D:9      | Noticed an orange demon
  8682 | D:9      | HP: 23/83 [ice devil[a kobold demonologist] (9)]
  8682 | D:9      | HP: 6/83 [ice devil[a kobold demonologist] (17)]
  8707 | D:9      | Noticed Maggie
  9256 | D:9      | Reached skill level 10 in Fighting
  9348 | D:9      | HP: 27/85 [Maggie/bolt of fire (18)]
  9349 | D:9      | Killed Maggie
  9350 | D:9      | Reached skill level 1 in Evocations
  9398 | D:9      | HP: 24/78 [killer bee (2)]
  9404 | D:8      | HP: 17/78 [poisoned by a killer bee]
  9834 | D:9      | Reached XP level 11. HP: 77/89 MP: 11/11
 10629 | D:9      | Reached skill level 11 in Fighting
 10837 | D:9      | Found a staircase to the Orcish Mines.
 10992 | D:9      | Found a staircase to the Lair.
 11211 | D:10     | Entered Level 10 of the Dungeon
 11218 | D:10     | Noticed Grum
 11241 | D:10     | Gained mutation: You are slightly weak-willed. (Will-) [Ru
                  | sacrifice]
 11241 | D:10     | Reached ****** piety under Ru
 11248 | D:10     | Killed Grum
 11402 | D:10     | Reached skill level 5 in Evocations
 11507 | D:10     | Noticed a two-headed ogre
 11522 | D:10     | Killed a two-headed ogre
 11523 | D:10     | Reached skill level 5 in Dodging
 11910 | D:10     | Identified the +3 kite shield "Hali" {rF+}
 12157 | D:10     | Found Tadwom Rainu's Antique Weapon Boutique.
 12178 | D:10     | Reached skill level 1 in Shields
 12399 | Lair:1   | Entered Level 1 of the Lair of Beasts
 12603 | Lair:1   | Reached skill level 12 in Fighting
 12675 | Lair:1   | Identified a scroll of acquirement
 12675 | Lair:1   | Acquired the +8 orange crystal plate armour {Archmagi,
                  | Int+3 Clar}
 12675 | Lair:1   | Found the +8 orange crystal plate armour {Archmagi, Int+3
                  | Clar}
 13347 | Lair:1   | Found a transporter.
 13367 | Lair:1   | Found a transporter.
 13699 | Lair:2   | Noticed an eight-headed hydra
 13721 | Lair:1   | Killed an eight-headed hydra
 14033 | Lair:2   | Reached XP level 12. HP: 94/102 MP: 12/12
 14259 | Lair:2   | Found a staircase to the Snake Pit.
 14310 | Lair:2   | Reached skill level 5 in Shields
 14765 | Lair:2   | Noticed an eight-headed hydra
 14788 | Lair:2   | Killed an eight-headed hydra
 15793 | Lair:3   | Noticed a seven-headed hydra
 15821 | Lair:3   | Killed a seven-headed hydra
 15995 | Lair:3   | Found a staircase to the Swamp.
 16480 | Lair:4   | Noticed a death yak
 16480 | Lair:4   | Noticed a death yak
 16480 | Lair:4   | Noticed a death yak
 16480 | Lair:4   | Noticed a death yak
 16480 | Lair:4   | Noticed a six-headed hydra
 16517 | Lair:4   | Killed a six-headed hydra
 16531 | Lair:4   | Killed a death yak
 16546 | Lair:4   | Killed a death yak
 16580 | Lair:4   | Killed a death yak
 16586 | Lair:4   | HP: 24/102 [death yak (16)]
 16587 | Lair:4   | HP: 9/102 [death yak (15)]
 16610 | Lair:4   | HP: 30/97 [death yak (16)]
 16614 | Lair:4   | Killed a death yak
 16929 | Lair:4   | Noticed an eight-headed hydra
 16941 | Lair:4   | Killed an eight-headed hydra
 16942 | Lair:4   | Reached XP level 13. HP: 72/108 MP: 13/13
 17702 | Lair:4   | Reached skill level 10 in Shields
 20120 | Lair:5   | Reached skill level 10 in Armour
 20829 | Lair:5   | Reached XP level 14. HP: 98/115 MP: 14/14
 21566 | Lair:6   | Entered Level 6 of the Lair of Beasts
 23278 | Lair:6   | Found a staircase to the Slime Pits.
 23365 | Lair:6   | Noticed a dire elephant
 23365 | Lair:6   | Noticed a dire elephant
 23498 | Lair:6   | Killed a dire elephant
 23504 | Lair:6   | HP: 26/102 [dire elephant simulacrum (42)]
 23560 | Lair:5   | HP: 29/102 [cane toad (12)]
 24614 | Lair:5   | HP: 32/109 [dire elephant (15)]
 24627 | Lair:5   | Killed a dire elephant
 25422 | Lair:6   | Got Hazacherch's Handbook of Shifting Orientation
 25788 | Orc:1    | Entered Level 1 of the Orcish Mines
 26440 | Orc:1    | Found a runed translucent gate.
 26783 | Orc:1    | Found a runed translucent gate.
 26783 | Orc:1    | Noticed Stomo's ghost (journeyman DsFi)
 26848 | Orc:1    | Found a runed translucent gate.
 26963 | Orc:1    | Reached skill level 15 in Shields
 27108 | Orc:2    | Entered Level 2 of the Orcish Mines
 27108 | Orc:2    | Found a staircase to the Elven Halls.
 27479 | Orc:2    | HP: 27/116 [ettin/+0 dire flail (17)]
 27715 | Orc:2    | Found a runed translucent gate.
 27715 | Orc:2    | Found a runed translucent gate.
 27715 | Orc:2    | Found a runed translucent gate.
 27720 | Orc:2    | Noticed Soldner's ghost (journeyman KoBr)
 27743 | Orc:2    | Reached XP level 15. HP: 103/118 MP: 15/15
 28069 | Lair:1   | Identified the +2 pair of boots "Vioh Rae" {rElec Stlth+}
 28654 | Orc:2    | Reached skill level 1 in Spellcasting
 29119 | Orc:2    | Reached skill level 13 in Fighting
 29516 | Orc:2    | Paralysed by an orc sorcerer for 6 turns
 29791 | Orc:2    | Found Myomonepsa's Jewellery Shoppe.
 29791 | Orc:2    | Found Enleohism's Assorted Antiques.
 29793 | Orc:2    | Found Hixenal's Armour Shoppe.
 29793 | Orc:2    | Found Ximiz's Antique Armour Boutique.
 29799 | Orc:2    | Bought a ring of protection from cold for 375 gold pieces
 29799 | Orc:2    | Bought the ring "Leramac" {Fly rElec rPois rF+ Int-5} for
                  | 522 gold pieces
 29803 | Orc:2    | Bought a pair of gloves for 81 gold pieces
 29810 | Orc:2    | Bought a scroll of teleportation for 66 gold pieces
 30002 | Orc:2    | Killed Soldner's ghost
 30682 | D:11     | Found a shimmering altar of Xom.
 30682 | D:11     | Found a shimmering altar of Xom.
 30684 | D:11     | Found a shimmering altar of Xom.
 30684 | D:11     | Found a shimmering altar of Xom.
 30686 | D:11     | Found a shimmering altar of Xom.
 30688 | D:11     | Found a shimmering altar of Xom.
 30694 | D:11     | Found Qaxzom's Magic Scroll Emporium.
 30764 | D:11     | Found Jilik's Antique Weapon Shoppe.
 30950 | D:11     | Found Mefenkec's Book Boutique.
 31065 | D:11     | Noticed Maurice
 31097 | D:11     | Killed Maurice
 31307 | D:12     | Found a transporter.
 31311 | D:12     | Found a transporter.
 31875 | D:12     | Reached skill level 5 in Spellcasting
 32124 | D:12     | Reached skill level 14 in Fighting
 32376 | D:12     | Noticed cbfl8's ghost (journeyman MiBe)
 32998 | D:13     | Found a portal to a secret trove of treasure.
 33051 | D:12     | HP: 40/126 [poisoned by a meliai]
 33056 | D:12     | HP: 36/126 [poisoned by a meliai]
 33591 | D:13     | HP: 28/127 [??? (26)]
 33924 | D:13     | HP: 28/127 [??? (25)]
 33925 | D:13     | HP: 4/109 [mirror damage (24)]
 34976 | D:14     | Identified the +7 spear "Fots" {flame, rN+ Will- Stlth+}
 35099 | D:14     | Found a gate to the Vaults.
 35259 | D:14     | HP: 29/110 [centaur warrior/+1 rapier of protection (12)]
 35265 | D:14     | HP: 26/110 [centaur warrior/+1 rapier of protection (5)]
 35648 | D:14     | Reached skill level 15 in Fighting
 35676 | D:14     | Identified the +8 long sword "Mosal" {speed, Dex+5}
 35676 | D:14     | Identified the +1 shadow dragon scales of the Beekeeper
                  | {rElec Int+2 Dex+3 Stlth++++}
 35684 | D:14     | Paralysed by a great orb of eyes for 3 turns
 35696 | D:14     | Paralysed by a great orb of eyes for 4 turns
 35699 | D:14     | HP: 24/109 [skeletal warrior/the +8 long sword "Mosal"
                  | {speed, Dex+5} (12)]
 35703 | D:14     | Reached XP level 16. HP: 40/100 MP: 17/26
 35704 | D:14     | HP: 22/100 [skeletal warrior/the +8 long sword "Mosal"
                  | {speed, Dex+5} (18)]
 35715 | D:14     | HP: 28/100 [skeletal warrior/the +8 long sword "Mosal"
                  | {speed, Dex+5} (15)]
 35916 | D:14     | Noticed a storm dragon
 35926 | D:14     | HP: 33/104 [storm dragon/bolt of lightning (6)]
 35933 | D:14     | HP: 33/104 [storm dragon/bolt of lightning (1)]
 35946 | D:14     | HP: 30/98 [storm dragon/bolt of lightning (14)]
 35955 | D:14     | Killed a storm dragon
 36953 | D:14     | Paralysed by something for 5 turns
 36972 | D:14     | HP: 35/116 [vampire knight/+0 war axe (10)]
 36996 | D:13     | HP: 35/116 [something (7)]
 37002 | D:13     | HP: 32/116 [something (5)]
 37318 | D:13     | HP: 34/116 [something (12)]
 37320 | D:13     | HP: 13/116 [something (4)]
 37332 | D:13     | HP: 29/110 [something (12)]
 37810 | Orc:2    | Bought a ring of see invisible for 225 gold pieces
 38139 | D:13     | Paralysed by a vampire knight for 3 turns
 38148 | D:13     | HP: 35/110 [vampire knight/vampiric draining (6)]
 38156 | D:13     | HP: 32/104 [vampire knight/vampiric draining (28)]
 38804 | Swamp:1  | Entered Level 1 of the Swamp
 40222 | Swamp:1  | Reached skill level 16 in Fighting
 40455 | Swamp:1  | Noticed Louise
 40460 | Swamp:1  | Cast into level 2 of the Abyss (Louise)
 40509 | Swamp:1  | Escaped the Abyss
 40533 | Swamp:1  | Killed Louise
 41522 | Swamp:3  | HP: 41/133 [poisoned by a swamp dragon (poison gas)]
 41527 | Swamp:3  | HP: 30/133 [poisoned by a swamp dragon (poison gas)]
 41532 | Swamp:3  | HP: 17/133 [poisoned by a swamp dragon (poison gas)]
 42439 | Swamp:3  | Noticed a thorn hunter
 42755 | Swamp:3  | Killed a thorn hunter
 43522 | Swamp:4  | Entered Level 4 of the Swamp
 43544 | Swamp:4  | Noticed a fenstrider witch
 43568 | Swamp:3  | Killed a fenstrider witch
 43817 | Swamp:4  | Reached XP level 17. HP: 135/145 MP: 29/29
 43828 | Swamp:4  | HP: 45/145 [poisoned by a swamp dragon (poison gas)]
 43833 | Swamp:4  | HP: 36/145 [poisoned by a swamp dragon (poison gas)]
 44424 | Swamp:4  | Paralysed by a fenstrider witch for 4 turns
 44427 | Swamp:4  | HP: 31/145 [eleionoma/spray of wooden splinters (37)]
 45133 | Swamp:3  | HP: 47/145 [poisoned by a swamp dragon (poison gas)]
 45138 | Swamp:3  | HP: 35/145 [poisoned by a swamp dragon (poison gas)]
 45143 | Swamp:3  | HP: 31/145 [poisoned by a swamp dragon (poison gas)]
 45496 | Swamp:4  | HP: 30/145 [poison (poison gas)]
 45497 | Swamp:4  | HP: 13/145 [poison (poison gas)]
 45502 | Swamp:4  | HP: 39/138 [poisoned by a swamp drake (noxious blast)]
 46274 | Swamp:3  | HP: 38/145 [poisoned by a swamp dragon (poison gas)]
 46279 | Swamp:3  | HP: 23/145 [poisoned by a swamp dragon (poison gas)]
 46284 | Swamp:3  | HP: 18/145 [poisoned by a swamp dragon (poison gas)]
 47375 | Swamp:3  | HP: 45/146 [eight-headed hydra (11)]
 48488 | Swamp:4  | Got a decaying rune of Zot
 48508 | Swamp:4  | Identified the +1 chain mail "Mukhang" {rF+ rN+ Regen+}
 48917 | Snake:1  | Entered Level 1 of the Snake Pit
 49034 | Snake:1  | HP: 48/146 [nagaraja/+0 spear (12)]
 49046 | Snake:1  | HP: 45/141 [poisoned by a nagaraja (bolt of poison)]
 49051 | Snake:1  | HP: 30/142 [poisoned by a naga ritualist (toxic radiance)]
 49056 | Snake:1  | HP: 24/142 [naga ritualist/splash of poison (1)]
 49061 | Snake:1  | HP: 14/142 [poisoned by a naga ritualist (splash of
                  | poison)]
 49740 | Snake:1  | Found a runed translucent gate.
 49741 | Snake:1  | Found a runed translucent gate.
 49742 | Snake:1  | Found a runed translucent gate.
 49744 | Snake:1  | Noticed adizb's ghost (adept DDBe)
 50599 | Snake:2  | Reached skill level 17 in Fighting
 51843 | Snake:2  | HP: 48/147 [poisoned by a naga ritualist (toxic radiance)]
 51848 | Snake:2  | HP: 28/147 [poisoned by a black mamba]
 51853 | Snake:2  | HP: 43/140 [poisoned by a black mamba]
 51858 | Snake:2  | HP: 37/140 [poisoned by a black mamba]
 52944 | Snake:3  | Paralysed by a naga for 7 turns
 52956 | Snake:3  | HP: 42/128 [naga warrior/+0 halberd (15)]
 53683 | Snake:3  | Reached XP level 18. HP: 139/140 MP: 30/30
 53696 | Snake:3  | Noticed Vashnia
 53724 | Snake:3  | Killed Vashnia
 54031 | Snake:3  | Noticed Bai Suzhen
 54069 | Snake:3  | Killed Bai Suzhen
 54428 | Snake:4  | Entered Level 4 of the Snake Pit
 58315 | Snake:4  | HP: 50/154 [poisoned by a naga mage (bolt of poison)]
 58886 | Snake:4  | Reached skill level 15 in Armour
 58890 | Snake:4  | Got a serpentine rune of Zot
 59283 | D:15     | Entered Level 15 of the Dungeon
 59957 | D:15     | Found a staircase to the Depths.
 60699 | D:15     | Identified the +7 flail of Disorder {protect, rPois rN+++
                  | Str+4 Stlth-}
 61167 | D:15     | Noticed Roxanne
 61546 | Vaults:1 | Entered Level 1 of the Vaults
 61835 | Vaults:1 | Reached XP level 19. HP: 146/147 MP: 31/31
 61854 | Vaults:1 | Cast into level 2 of the Abyss (a wizard)
 61869 | Vaults:1 | Escaped the Abyss
 62425 | Vaults:1 | Paralysed by a sphinx for 4 turns
 62591 | Vaults:1 | HP: 45/161 [crystal guardian/crystal bolt[a peacekeeper]
                  | (26)]
 63148 | Vaults:1 | Found the +3 pair of seven-league boots {Rampage+∞}
 63197 | Vaults:1 | Cast into level 3 of the Abyss (a wizard)
 63464 | Abyss:3  | HP: 48/150 [something (3)]
 63469 | Abyss:3  | HP: 45/150 [poisoned by a green death (poison arrow)]
 63495 | Abyss:3  | HP: 48/150 [tentacled starspawn (3)]
 63611 | Abyss:3  | HP: 49/150 [flayed ghost/flay_damage (15)]
 63644 | Abyss:3  | HP: 39/150 [tentacled starspawn (18)]
 63677 | Abyss:3  | HP: 38/150 [something (6)]
 63744 | Abyss:3  | HP: 42/150 [wretched star/lance of force (10)]
 63855 | Abyss:3  | HP: 49/150 [poisoned by a death drake (dark miasma)]
 63857 | Abyss:3  | HP: 20/150 [poisoned by a death drake (dark miasma)]
 64193 | Abyss:3  | Gained mutation: You do not regenerate when monsters are
                  | visible. [a neqoxec]
 64206 | Abyss:3  | HP: 40/143 [blizzard demon] (10)]
 64232 | Vaults:1 | Escaped the Abyss
 65881 | Vaults:1 | Reached skill level 1 in Throwing
 66336 | Vaults:2 | Found Vouz's Assorted Antiques.
 66340 | Vaults:2 | Bought a potion of mutation for 136 gold pieces
 66340 | Vaults:2 | Bought a potion of heal wounds for 85 gold pieces
 66340 | Vaults:2 | Bought a scroll of teleportation for 51 gold pieces
 66340 | Vaults:2 | Bought a scroll of teleportation for 51 gold pieces
 66340 | Vaults:2 | Bought a scroll of fog for 34 gold pieces
 66660 | Vaults:2 | Noticed Boris
 66964 | Vaults:2 | Killed Boris
 67737 | Vaults:2 | Reached skill level 5 in Throwing
 68146 | Vaults:2 | Found Cuets's Book Shoppe.
 68175 | Vaults:2 | Found Unerefogh's Antique Weapon Shoppe.
 68430 | Vaults:2 | Found Seshrad's Book Boutique.
 69759 | Vaults:2 | Identified the +6 rapier of the Moth {venom, rC+}
 69986 | Vaults:2 | Reached XP level 20. HP: 158/168 MP: 32/32
 70036 | Vaults:2 | Reached skill level 10 in Dodging
 71032 | Vaults:3 | HP: 49/150 [??? (47)]
 71044 | Vaults:3 | HP: 42/154 [slime creature (7)]
 71685 | Vaults:3 | Paralysed by a vampire knight for 5 turns
 71687 | Vaults:3 | HP: 34/163 [vampire knight/vampiric draining (20)]
 71688 | Vaults:3 | HP: 7/163 [vampire knight/vampiric draining (11)]
 71790 | Vaults:3 | Noticed Boris
 72143 | Vaults:3 | HP: 46/141 [vault guard/+0 dire flail[a vault warden] (11)]
 72145 | Vaults:3 | HP: 19/141 [quicksilver dragon/bolt of dispelling energy
                  | (27)]
 72152 | Vaults:3 | Lost mutation: You do not regenerate when monsters are
                  | visible. [potion of mutation]
 72152 | Vaults:3 | Gained mutation: You passively dampen the noise of your
                  | surroundings. [potion of mutation]
 72152 | Vaults:3 | Gained mutation: Armour fits poorly on your strangely
                  | shaped body. [potion of mutation]
 72520 | Vaults:2 | Lost mutation: Armour fits poorly on your strangely shaped
                  | body. [potion of mutation]
 72520 | Vaults:2 | Lost mutation: You passively dampen the noise of your
                  | surroundings. [potion of mutation]
 72520 | Vaults:2 | Gained mutation: Your mind is acute. (Int +2) [potion of
                  | mutation]
 72520 | Vaults:2 | Gained mutation: You have a pair of small antennae on your
                  | head. [potion of mutation]
 72520 | Vaults:2 | Gained mutation: You expend magic power (3 MP) to
                  | strengthen your wands. [potion of mutation]
 73172 | Vaults:2 | Killed Boris
 73825 | D:11     | Bought a scroll of teleportation for 54 gold pieces
 73825 | D:11     | Bought a scroll of fear for 63 gold pieces
 73825 | D:11     | Bought a scroll of teleportation for 54 gold pieces
 73825 | D:11     | Bought a scroll of blinking for 135 gold pieces
 73947 | Depths:1 | Entered Level 1 of the Depths
 75264 | D:14     | HP: 38/141 [poisoned by a green very ugly thing]
 75808 | D:14     | Reached skill level 1 in Maces & Flails
 76435 | Depths:1 | Found an iron altar of Okawaru.
 76817 | Elf:1    | Entered Level 1 of the Elven Halls
 77397 | Elf:1    | Noticed Frances
 77775 | Elf:1    | You are sucked into a shaft and drop 1 floor!
 77810 | Elf:2    | Reached skill level 18 in Fighting
 77857 | Elf:2    | HP: 53/161 [+2 short sword of speed (4)]
 77954 | Elf:2    | HP: 51/162 [+0 halberd of distortion (3)]
 78005 | Elf:2    | HP: 45/143 [+3 vorpal trident (3)]
 78011 | Elf:2    | HP: 43/143 [+3 vorpal trident (3)]
 78676 | Elf:2    | Found a runed translucent gate.
 78677 | Elf:2    | Found a runed translucent gate.
 78678 | Elf:2    | Found a runed translucent gate.
 78819 | Elf:2    | Reached XP level 21. HP: 159/162 MP: 33/33
 79141 | Elf:1    | Found Jyawa's Antique Armour Shop.
 79305 | Elf:1    | Reached skill level 19 in Fighting
 79400 | Elf:1    | Killed Frances
 80165 | Elf:2    | Identified the +2 pair of gloves of Osus {Slay+3}
 80297 | Elf:2    | Found Latz's Magic Scroll Shop.
 80714 | Elf:3    | Entered Level 3 of the Elven Halls
 80738 | Elf:3    | Paralysed by an air elemental for 1 turns
 81005 | Elf:3    | Reached skill level 20 in Fighting
 81009 | Elf:3    | Identified the +4 scimitar of Enaokkarph {chaos, *Corrode
                  | rPois rC+ Dex+5}
 81013 | Elf:3    | Noticed Saint Roka
 81968 | Elf:3    | Identified the +4 long sword of Hell's Wrath {pain, rElec
                  | rPois rF- Str+4}
 81972 | Elf:3    | Identified the +5 flail of Fayhuagg {freeze, rF+ Will+
                  | rCorr}
 81991 | Elf:3    | Reached skill level 21 in Fighting
 82011 | Elf:3    | Killed Saint Roka
 82204 | Elf:3    | Cast into level 2 of the Abyss (a deep elf demonologist)
 82204 | Abyss:2  | Found a corrupted altar of Lugonu.
 82233 | Abyss:2  | Found a corrupted altar of Lugonu.
 82288 | Abyss:2  | Lost mutation: Your mind is acute. (Int +2) [a neqoxec]
 82697 | Abyss:3  | HP: 35/171 [??? (33)]
 82742 | Abyss:3  | HP: 41/162 [??? (38)]
 82760 | Abyss:3  | HP: 24/162 [??? (22)]
 82836 | Elf:3    | Escaped the Abyss
 83950 | Depths:1 | Reached skill level 1 in Staves
 83977 | Depths:1 | Found a one-way gate leading to the halls of Pandemonium.
 84124 | Depths:1 | Found a gateway to Hell.
 84508 | Depths:1 | Identified the +2 scale mail "Yheiskith" {+Blink rPois
                  | Will- Str+8}
 84558 | Depths:1 | Paralysed by a great orb of eyes for 4 turns
 84962 | Depths:2 | Found a one-way gateway to a ziggurat.
 84967 | Depths:2 | Found a one-way gate to the infinite horrors of the Abyss.
 85183 | Depths:2 | Reached skill level 5 in Staves
 85784 | Depths:2 | Reached XP level 22. HP: 194/194 MP: 34/34
 86068 | Depths:2 | Paralysed by something for 6 turns
 86095 | Depths:1 | HP: 61/194 [vampire knight/vampiric draining (8)]
 86429 | Depths:2 | Found a runed translucent door.
 86429 | Depths:2 | Found a shimmering altar of Xom.
 86429 | Depths:2 | Noticed Caat Rau's ghost (adept DgCj)
 86505 | Depths:2 | Paralysed by a vampire knight for 3 turns
 86511 | Depths:2 | Paralysed by a vampire knight for 4 turns
 86518 | Depths:2 | HP: 59/184 [vampire knight/vampiric draining (14)]
 86694 | Depths:2 | Found a runed translucent gate.
 86694 | Depths:2 | Found a runed translucent gate.
 86694 | Depths:2 | Found a runed translucent gate.
 86720 | Depths:2 | Identified the ring "Coini" {rElec Will+ MP+9}
 87565 | Depths:2 | Found a runed translucent gate.
 87565 | Depths:2 | Found a runed translucent gate.
 87565 | Depths:2 | Found a runed translucent gate.
 87874 | Depths:3 | Identified the ring of Knowledge {Fire Str+5 Int+6 Dex-4}
 88018 | Depths:3 | Found a transporter.
 88018 | Depths:3 | Noticed a golden dragon
 88037 | Depths:3 | Killed a golden dragon
 88219 | Depths:3 | Identified the ring of Xonoxe {MP+9 Int+4}
 88764 | Depths:3 | Found a glowing silver altar of Zin.
 88987 | Depths:3 | Found the ring of the Octopus King
 89075 | Depths:3 | Found a transporter.
 89077 | Depths:3 | Identified a ring of the Octopus King {rC+ AC+1 EV+1 Str+1
                  | Int+1 Dex+1}
 89287 | Depths:3 | Paralysed by a floating eye for 4 turns
 89327 | Depths:3 | Reached skill level 22 in Fighting
 89401 | Depths:3 | Noticed a caustic shrike
 89414 | Depths:3 | Killed a caustic shrike
 89518 | Depths:3 | Noticed a golden dragon
 89591 | Depths:3 | Killed a golden dragon
 89746 | Depths:3 | Identified the ring "Hasysh" {rC+ Slay+4}
 90163 | Depths:3 | Identified the +10 plate armour "Tipuxy" {rPois rCorr Str+7
                  | Int-2}
 90249 | Depths:4 | Entered Level 4 of the Depths
 90502 | Depths:4 | Found a stormy altar of Qazlal.
 90560 | Depths:4 | Found a corrupted altar of Lugonu.
 90569 | Depths:4 | Reached skill level 23 in Fighting
 90778 | Depths:4 | Paralysed by a vampire knight for 6 turns
 90784 | Depths:4 | HP: 57/200 [spriggan berserker/+0 hand axe (12)]
 91180 | Depths:4 | Reached XP level 23. HP: 183/183 MP: 35/35
 92114 | Depths:4 | Found a gate to the Realm of Zot.
 92966 | Vaults:3 | Found a staircase to the Crypt.
 92998 | Vaults:3 | Reached skill level 24 in Fighting
 93768 | Vaults:4 | Reached skill level 1 in Translocations
 93968 | Vaults:4 | Noticed Mara
 94002 | Vaults:4 | Noticed jjjjhere's illusion
 94012 | Vaults:4 | Killed Mara
 94734 | Vaults:4 | Noticed Aizul
 94734 | Vaults:4 | Noticed Jory
 94755 | Vaults:4 | Killed Aizul
 94776 | Vaults:4 | Killed Jory
 95187 | Vaults:4 | Reached skill level 5 in Translocations
 95294 | Vaults:4 | Found a transporter.
 95338 | Vaults:4 | Found a transporter.
 95883 | Vaults:4 | Identified the ring of the Fool {rC+ AC+4 Dex+3}
 95896 | Vaults:4 | Identified the ring "Tonyirith" {rPois rF++ rC+ Dex+3}
 96033 | Vaults:5 | Entered Level 5 of the Vaults
 96392 | Vaults:4 | Reached XP level 24. HP: 218/218 MP: 35/35
 96564 | Vaults:5 | Noticed a dread lich
 96794 | Vaults:4 | Killed a dread lich
 98471 | Vaults:5 | Cast into level 3 of the Abyss (a deep elf sorcerer)
 98476 | Abyss:3  | Gained mutation: You are dopey. (Int -2) [a neqoxec]
 98939 | Abyss:3  | Paralysed by you for 6 turns
 99000 | Vaults:5 | Escaped the Abyss
 99057 | Vaults:5 | Cast into level 3 of the Abyss (a deep elf sorcerer)
 99185 | Vaults:5 | Escaped the Abyss
 99556 | Vaults:5 | Noticed a dread lich
 99973 | Vaults:4 | Killed a dread lich
100008 | Vaults:5 | Reached skill level 10 in Translocations
101234 | Vaults:5 | Identified the ring "Vownyicy" {rC+ rN+ MP+9 Int+4 SInv}
101537 | Vaults:5 | HP: 51/194 [??? (48)]
101882 | Vaults:5 | Paralysed by a sphinx for 6 turns
102360 | Vaults:5 | Learned a level 1 spell: Apportation
102363 | Vaults:5 | Learned a level 2 spell: Blink
102367 | Vaults:5 | Learned a level 3 spell: Lesser Beckoning
102808 | Vaults:5 | Got a silver rune of Zot
103509 | Zot:1    | Entered Level 1 of the Realm of Zot
103627 | Zot:1    | Reached XP level 25. HP: 213/214 MP: 35/35
104122 | Zot:1    | Noticed an ancient lich
104148 | Zot:1    | Killed an ancient lich
104179 | Zot:1    | HP: 64/198 [shadow dragon/bolt of negative energy (9)]
104907 | Zot:1    | Noticed a dread lich
104918 | Zot:1    | Paralysed by a dread lich for 6 turns
104923 | Zot:1    | HP: 53/167 [Tzitzimitl/bolt of negative energy[a dread
                  | lich] (63)]
104923 | Zot:1    | Killed from afar by an Ice Fiend

Illustrated notes

Levels and vault maps discovered:
D:1:      dpeg_arrival_windows_large_door, layout_basic, minmay_strange_pillars
D:2:      layout_loops_ring, nicolae_ecumenical_oubliette, basic_altar
D:3:      layout_loops_corners, nicolae_overflow_hidden_temple, uniq_sigmund,
          uniq_grinder, uniq_crazy_yiuf_cottage
D:4:      layout_gridville, nicolae_tso_carved_into_rock, kennysheep_mini_moat,
          nicolae_uskayaw_murder_on_the_dancefloor, minmay_fractal_squares_5,
          uniq_pikel
D:5:      layout_gridville, portal_sewer_entry_b, minmay_misc_feat_ornament,
          uniq_edmund
D:6:      minmay_clustersquares, layout_basic,
          grunt_temple_overflow_growth_and_decay, minmay_temple_entry_trees
D:7:      layout_rooms, grunt_temple_overflow_champion_of_chaos,
          pdpol_wu_jian_five_deadly_venoms, uniq_menkaure
D:8:      layout_basic, enter_bailey_5
D:9:      layout_loops_ring, david_lair_shrubbed, erik_orc_2, uniq_maggie
D:10:     layout_roguey, serial_shops, kennysheep_little_box, uniq_grum
D:11:     layout_roguey, serial_undead, serial_undead_f, serial_undead_d,
          serial_undead_d, serial_undead_f, serial_shops, shop, shop,
          nicolae_take_the_stairs, xom_redecorated, uniq_maurice
D:12:     layout_rooms, nzn_ghost_randoct
D:13:     layout_big_octagon, enter_trove_0, fedhas_altar_2
D:14:     cheibrodos_leafed_vault, layout_cave_pools, david_vaults_2
D:15:     gammafunk_depths_entry_grave, layout_basic,
          portal_ice_cave_entry_ice_simulacra, minmay_strange_pillars,
          uniq_roxanne
Temple:   jpeg_temple_alley_garden
Lair:1:   gammafunk_worm_tunnel, layout_loops_ring
Lair:2:   layout_cave_pods, dummy_snake_entry, st_stairs_9,
          serial_bayou_shore_b, lemuel_fruit_tree
Lair:3:   layout_long_grid, swamp_mist
Lair:4:   layout_cave_pods, special_room [special_room_mythical_zoo],
          chequers_serial_rivers_micro_e, grunt_megastairs_2,
          lemuel_fruit_fields
Lair:5:   layout_cave_pods, kennysheep_abandoned_house
Lair:6:   due_jungle_book, layout_gridlike, slime_altar_1, grunt_megastairs_1
Swamp:1:  layout_basic_swamp, evilmike_swamp_ruin_rubble_1, swamp_pool1,
          grunt_lady_of_the_lake, uniq_louise
Swamp:2:  layout_basic_swamp, hangedman_swamp_ruin_wall
Swamp:3:  nicolae_swamp_wrong_neighborhood, layout_basic_swamp,
          evilmike_swamp_ruin_house_3
Swamp:4:  swamp_alternative, layout_basic_swamp
Snake:1:  layout_layer_cave, ebering_ghost_rock_garden
Snake:2:  layout_basic
Snake:3:  layout_gridlike, uniq_vashnia, uniq_bai_suzhen
Snake:4:  grunt_snake_rune_pools, layout_basic
Orc:1:    layout_caves, gammafunk_ghost_split
Orc:2:    grunt_orc_tribal_feast, layout_caves, maelrawn_ghost_gauntlet_escape,
          david_defended_altar_orc
Elf:1:    minmay_elf_arrival_summoners, layout_onion_city, serial_shops,
          nicolae_shop_stone, lemuel_upstairs_altar, uniq_frances
Elf:2:    nicolae_elf_blades_splatter_lattice [grunt_blade_entry_basic],
          layout_loops_corners, serial_shops, shop, nicolae_elf_archery_training
Elf:3:    elf_hall, layout_geoelf_octagon, small_statue_intersection,
          grunt_ministairs_15, uniq_saint_roka
Vaults:1: v_pattern_2, ontoclasm_vaults_gateway, vaults_room_corners,
          vaults_room_hangedman_quadrants, nicolae_vaults_border_crossing,
          nicolae_vaults_big_ls, ontoclasm_vaults_loading_screen,
          nicolae_vaults_network_s, vaults_mumra_lcd, v_misc_27, v_misc_24,
          layout_vaults_maze_bifur
Vaults:2: special_room_vaults [special_room_orc], v_alt_pattern_3,
          ontoclasm_vaults_pinch, v_misc_32, nicolae_vaults_asterisk,
          vaults_room_fancy_cross, vaults_mumra_minichess, vaults_room_octagon,
          vaults_standard_mumra_lines, hangedman_vaults_snaps, vaults_dpeg_ring,
          nicolae_vaults_little_ls, vaults_room_pools, vaults_dpeg_diagonal,
          nicolae_vaults_alarming, layout_vaults_big_cross, serial_shops,
          nicolae_shop_waterfront, nicolae_shop_stone,
          nicolae_shop_temple_entry_statues_fountains, shop, uniq_boris
Vaults:3: minmay_crypt_entry_simple_statues, nicolae_vaults_little_squares_5,
          nicolae_vaults_mini_display_case, vaults_room_fours,
          ontoclasm_vaults_idyll, hangedman_vaults_capsules,
          nicolae_vaults_meeting, vaults_standard_mumra_x,
          nicolae_vaults_specimen_jars, ontoclasm_vaults_decontamination,
          vaults_room_grid, layout_vaults_omnigrid
Vaults:4: nicolae_vaults_triangles, ontoclasm_vaults_hangar, v_pattern_4,
          nicolae_vaults_network_quincunx
          [nicolae_vaults_network_quincunx_subvault,
          nicolae_vaults_network_quincunx_subvault,
          nicolae_vaults_network_quincunx_subvault,
          nicolae_vaults_network_quincunx_subvault,
          nicolae_vaults_network_quincunx_subvault], vaults_room_grid,
          vaults_room_boxed, gammafunk_dig_for_victory, hangedman_vaults_cutoff,
          grunt_vaults_funnel, grunt_vaults_hallway_long, vaults_mumra_chevron,
          vaults_dpeg_cross, layout_vaults_omnibox, uniq_aizul, uniq_jory,
          uniq_mara
Vaults:5: serial_shops
Depths:1: layout_gridlike, okawaru_ov_weapons_minmay, hell_entry, pan_entry,
          amcnicky_mini_rare_corridor_liquid, minmay_misc_feat_enclosed,
          dpeg_stationary_puzzle
Depths:2: kennysheep_treasure_stockpile, layout_cave_pools, enter_ziggurat_a,
          ebering_ghost_xom, pf_vacation_house_of_asmodeus,
          hangedman_abyss_entry_splay, rand_demon_pan_entry_9,
          serial_bayou_shore_b
Depths:3: hangedman_spin_cycle, hell_entry, abyss_entry
Depths:4: evilmike_zot_entry_round, layout_basic,
          nicolae_hepliaklqana_hazy_memory, abyss_entry_flame_altar, hell_entry,
          grunt_qazlal_clouds
Zot:1:    hangedman_snap_crack_crunch, layout_cathedral_of_symmetry,
          lemuel_flame_loot_1

Skill      XL: |  1  2  3  4  5  6  7  8  9 10 11 12 13 14 15 16 17 18 19 20 21 22 23 24 25 |
---------------+----------------------------------------------------------------------------+-----
Polearms       | 5 8 10 12 14 | 14.0
Dodging        | 3 4 5 9 12 | 12.0
Armour         | 1 4 6 7 9 10 11 12 13 15 16 | 16.6
Fighting       | 4 7 10 12 15 16 17 18 21 23 24 | 24.4
Evocations     | 2 5 6 8 |  8.0
Shields        | 4 9 12 15 16 18 20 21 | 21.1
Spellcasting   | 7 8 |  8.8
Throwing       | 6 8 |  8.1
Maces & Flails | 1 |  1.7
Staves         | 6 9 |  9.1
Translocations | 7 12 13 | 13.6
Stealth        | |  5.4

Action                   |  1- 3 |  4- 6 |  7- 9 | 10-12 | 13-15 | 16-18 | 19-21 | 22-24 | 25-27 || total
-------------------------+-------+-------+-------+-------+-------+-------+-------+-------+-------++-------
Melee: Trident           |    57 |   177 |   481 |  1273 |  3640 |  3600 |  4287 |   469 |       || 13984
       Punch             |       |       |    10 |     6 |       |       |       |       |       ||    16
       Tailslap          |       |       |       |    10 |     3 |    30 |       |       |       ||    43
       Shillelagh        |       |       |       |       |       |       |    10 |       |       ||    10
       Demon trident     |       |       |       |       |       |       |       |  2816 |   276 ||  3092
Throw: Boomerang         |       |       |       |     1 |       |       |     9 |     8 |       ||    18
       Throwing net      |       |       |       |       |       |       |       |     3 |       ||     3
Invok: Sacrifice Resista |       |     1 |       |       |       |       |       |       |       ||     1
       Sacrifice Love    |       |     1 |       |       |       |       |       |       |       ||     1
       Apocalypse        |       |       |       |     1 |     8 |     5 |    11 |     5 |     1 ||    31
       Power Leap        |       |       |       |     1 |     1 |       |     1 |     2 |       ||     5
       Sacrifice Arcana  |       |       |       |     1 |       |       |       |       |       ||     1
       Sacrifice Essence |       |       |       |     1 |       |       |       |       |       ||     1
       Draw Out Power    |       |       |       |     1 |     3 |     7 |     5 |     2 |     1 ||    19
Evoke: Tin of tremorston |       |       |       |     2 |     2 |     2 |     5 |     5 |       ||    16
       Wand              |       |       |       |     1 |       |       |     5 |     4 |       ||    10
       Lightning rod     |       |       |       |       |       |       |       |     4 |       ||     4
  Use: Scroll            |       |       |    14 |     8 |     4 |     3 |    11 |    12 |     1 ||    53
       Potion            |       |       |       |     1 |     1 |     5 |     5 |     1 |       ||    13
 Stab: Sleeping          |     5 |     9 |     7 |     7 |       |       |       |       |       ||    28
       Distracted        |       |       |     4 |     8 |    27 |    23 |    26 |    20 |     4 ||   112
       Invisible         |       |       |     1 |    11 |    30 |    33 |    24 |     8 |     2 ||   109
       Paralysed         |       |       |       |     5 |    22 |    28 |    23 |    10 |     6 ||    94
       Petrified         |       |       |       |       |    14 |       |       |       |       ||    14
       Petrifying        |       |       |       |       |     2 |       |       |       |       ||     2
       Held in net/web   |       |       |       |       |       |       |       |     2 |       ||     2
       Confused          |       |       |       |       |       |       |       |       |     1 ||     1
Armor: Ring mail         |    15 |    80 |   133 |    52 |       |       |       |       |       ||   280
       Swamp dragon scal |       |       |       |    78 |       |       |       |       |       ||    78
       Crystal plate arm |       |       |       |   298 |  1892 |  1311 |  1281 |   969 |    66 ||  5817
Dodge: Dodged            |    25 |   101 |   157 |   220 |   278 |   175 |   308 |   292 |    36 ||  1592
Block: Kite shield       |       |       |       |   245 |  2123 |   331 |       |       |       ||  2699
       Tower shield      |       |       |       |       |       |  2342 |  3500 |  2343 |   174 ||  8359
       Reflection        |       |       |       |       |       |   228 |   129 |   132 |     1 ||   490
